 Dungeon Crawl Stone Soup version 0.31.0 (webtiles) character file.

Game seed: 3741051355755678769

32 qw the Shooter (level 3, -1/21 HPs)
             Began as a Gargoyle Hunter on Jan 20, 2024.
             Slain by a cerulean imp
             ... wielding a +2 spear
             ... summoned by Natasha
              (4 damage)
             ... on level 2 of the Dungeon.
             The game lasted 00:00:04 (782 turns).

qw the Shooter (Gargoyle Hunter)                     Turns: 782, Time: 00:00:04

Health: -1/21      AC:  8    Str: 14    XL:     3   Next: 25%
Magic:  3/3        EV: 10    Int:  9    God:
Gold:   101        SH:  0    Dex: 15    Spells: 2/2 levels left

rFire   . . .        a - +0 shortbow
rCold   . . .        (shield currently unavailable)
rNeg    + . .        e - +0 ring mail
rPois   inf          (no helmet)
rElec   +            (no cloak)
rCorr   .            (no gloves)
SInv    .            (no boots)
Will    .....        (no amulet)
Stlth   +            (no ring)
HPRegen 0.23/turn    (no ring)
MPRegen 0.08/turn

%: no passive effects
@: no status effects
A: sickness immunity, AC +3, negative energy resistance 1, electricity
resistance, torment resistance 1, petrification resistance
a: no special abilities


You were on level 2 of the Dungeon.
You visited 1 branch of the dungeon, and saw 2 of its levels.

You collected 101 gold pieces.


Innate Abilities, Weirdness & Mutations

You are immune to sickness and miasma.
Your stone body is resilient. (AC +3)
You are immune to poison.
You resist negative energy. (rN+)
You are resistant to electric shocks. (rElec)
You are resistant to unholy torment.
You are immune to petrification.


   Skills:
 - Level 2.1 Fighting
 - Level 4.9 Ranged Weapons
 + Level 0.6 Armour
 - Level 1.5 Dodging
 - Level 1.1 Stealth


You had 2 spell levels left.
You didn't know any spells.
Your spell library was empty.

Inventory:

Hand Weapons
 a - a +0 shortbow (weapon)
Armour
 e - a +0 ring mail (worn)
Potions
 b - a potion of degeneration {unknown}
 f - a potion of cancellation {unknown}

Dungeon Overview and Level Annotations

Branches:
Dungeon (2/15)

Altars:
Dithmenos

Annotations:
D:2 Natasha


Message History

The cerulean imp is moderately wounded.
The bat closely misses you. The bat misses you.
The cerulean imp closely misses you.
The endoplasm hits you but does no damage.
The cerulean imp hits you from afar with a +2 spear.
Natasha claws you but does no damage.
776 ||| RETREEEEATING.
Found a robe.
The bat hits you but does no damage. x2
The cerulean imp attacks as it pursues you!
The cerulean imp hits you but does no damage.
777 ||| RETREEEEATING.
You shoot an arrow. The arrow closely misses the bat.
The bat hits you but does no damage. The endoplasm closely misses you.
The cerulean imp hits you from afar with a +2 spear.
778 ||| RETREEEEATING.
The bat hits you but does no damage.
The cerulean imp attacks as it pursues you!
The cerulean imp closely misses you.
The cerulean imp hits you but does no damage.
The endoplasm barely misses you.
You shoot an arrow. The arrow barely misses the bat.
The bat hits you but does no damage. The bat barely misses you.
Natasha hisses.
The bat closely misses you.
The cerulean imp hits you but does no damage.
The endoplasm freezes you.
You are frozen.
You shoot an arrow. The arrow hits the bat!
You kill the bat!
The cerulean imp hits you but does no damage.
The endoplasm closely misses you.
You shoot an arrow. The arrow hits the endoplasm.
The endoplasm is lightly wounded.
The cerulean imp hits you from afar with a +2 spear.
The endoplasm hits you but does no damage.
You shoot an arrow.
The arrow hits the endoplasm but does no damage.
The endoplasm is lightly wounded.
The cerulean imp barely misses you. The endoplasm closely misses you.
The cerulean imp hits you from afar with a +2 spear.
You die...

##...................
##...#..............
########.....#.###
####.....# #.##.%##
#.##h..# ..##5#......
..###J####### .). #@#
._.. #%# ..... #.#
#.# #.# #.# [.. ...


You could see Natasha, a cerulean imp (summoned) and an endoplasm.

Vanquished Creatures
  4 bats
  4 endoplasms
  5 giant cockroaches
  2 goblins (D:1)
  2 hobgoblins
  4 ball pythons (D:1)
  2 frilled lizards (D:1)
  3 kobolds (D:1)
  3 rats (D:1)
29 creatures vanquished.

Notes
Turn   | Place    | Note
-------+----------+-------------------------------------------
     0 | D:1      | qw the Gargoyle Hunter began the quest for the Orb.
     0 | D:1      | Reached XP level 1. HP: 12/12 MP: 1/1
     0 | D:1      | 0 ||| qw: Version: 0.3-a-132-g3d54051
     0 | D:1      | 0 ||| qw: Game counter: 474
     0 | D:1      | 0 ||| qw: Melee chars always use a shield: true
     0 | D:1      | 0 ||| qw: God list: Okawaru
     0 | D:1      | 0 ||| qw: Allow faded altars: false
     0 | D:1      | 0 ||| qw: Do Orc after clearing Dungeon:15 true
     0 | D:1      | 0 ||| qw: Do second Lair branch before Depths: true
     0 | D:1      | 0 ||| qw: Lair rune preference: random
     0 | D:1      | 0 ||| qw: Goals: Normal
     0 | D:1      | 0 ||| PLANNING D:1-11
    26 | D:1      | Found a faded altar of an unknown god.
   244 | D:1      | Reached XP level 2. HP: 10/17 MP: 2/2
   521 | D:1      | Reached XP level 3. HP: 21/21 MP: 3/3
   590 | D:1      | 590 ||| UPGRADING to +0 ring mail.
   600 | D:1      | 600 ||| DROPPING +0 leather armour.
   601 | D:1      | 601 ||| READING scroll labelled BAUZIU CYUCATS.
   702 | D:1      | 702 ||| DROPPING scroll of butterflies.
   763 | D:2      | Found a shadowy altar of Dithmenos.
   763 | D:2      | Noticed Natasha
   773 | D:2      | 773 ||| RETREEEEATING.
   774 | D:2      | 774 ||| RETREEEEATING.
   776 | D:2      | 776 ||| RETREEEEATING.
   777 | D:2      | 777 ||| RETREEEEATING.
   778 | D:2      | 778 ||| RETREEEEATING.
   779 | D:2      | HP: 5/21 [frozen (3)]
   781 | D:2      | HP: 2/21 [cerulean imp/+2 spear[Natasha] (3)]
   782 | D:2      | Slain by a cerulean imp

Levels and vault maps discovered:
D:1:      dpeg_arrival_radiant, layout_rooms, chequers_ecumenical_altar_simple,
          minmay_misc_feat_five, reono_crystal_passage, minmay_worlds_worst_comb
D:2:      layout_rooms, basic_altar, minmay_pentomino_s2, uniq_jessica,
          uniq_robin, uniq_sigmund, uniq_natasha

Action                     || total
---------------------------++-------
   Fire: Shortbow          ||    98
    Use: Scroll            ||     1
 Armour: Leather armour    ||    51
         Ring mail         ||    28
  Dodge: Dodged            ||    48

Table legend:
 A = Non-vault XP
 B = Vault XP
 C = Vault XP percentage of total XP
 D = Non-vault monster count
 E = Vault monster count
 F = Vault count percentage of total count
                 A         B        C        D         E       F
            +---------+---------+-------+---------+---------+-------
      Total |      38 |       8 |  17.4 |      25 |       4 |  13.8
            +---------+---------+-------+---------+---------+-------
        D:1 |      30 |       8 |  21.1 |      21 |       4 |  16.0
        D:2 |       8 |       0 |   0.0 |       4 |       0 |   0.0
            +---------+---------+-------+---------+---------+-------
